 Dungeon Crawl Stone Soup version 0.30-a0-533-g4794bfbd1c (webtiles) character file.

Game seed: 7487579028307888774

181 Angani the Poker (level 5, -8/61 HPs)
             Began as a Draconian Reaver on Dec 25, 2022.
             Was a Follower of Elyvilon.
             Mangled by Edmund
             ... wielding a +4 flail of protection
              (10 damage)
             ... on level 4 of the Dungeon.
             The game lasted 00:07:52 (3574 turns).

Angani the Poker (Draconian Reaver)                 Turns: 3574, Time: 00:07:53

Health: -8/61      AC:  5    Str: 14    XL:     5   Next: 34%
Magic:  8/8        EV: 12    Int: 21    God:    Elyvilon [*.....]
Gold:   149        SH:  0    Dex: 10    Spells: 4/8 levels left

rFire   . . .      SeeInvis .    (no weapon)
rCold   . . .      Faith    .    (no shield)
rNeg    + . .      Spirit   .    (body armour unavailable)
rPois   .          Reflect  .    (helmet restricted)
rElec   .          Harm     .    h - scarf {shadows}
rCorr   .          Rampage  .    (no gloves)
Will    .....                    (no boots) Stlth
                                 (no amulet)
HPRegen 0.30/turn                g - ring of positive energy
MPRegen 0.11/turn                i - +6 ring of intelligence

@: brilliant, berserking (expiring), very quick
A: AC +5, unfitting armour, cold-blooded
a: Renounce Religion, Purification


You were on level 4 of the Dungeon.
You worshipped Elyvilon.
Elyvilon was aware of your devotion.
You visited 1 branch of the dungeon, and saw 4 of its levels.

You collected 149 gold pieces.

Inventory:

Hand Weapons
 c - a +1 hand crossbow
Armour
 h - a scarf of shadows (worn)
Jewellery
 g - a ring of positive energy (left hand)
 i - a +6 ring of intelligence (right hand)
Wands
 a - a wand of roots (10)
 d - a wand of flame (9)
Scrolls
 b - a scroll of amnesia
 f - a scroll of immolation
 j - a scroll of magic mapping
Potions
 l - a potion of haste {unknown}
 m - a potion of might {unknown}
 n - a potion of attraction {unknown}
 o - a potion of invisibility {unknown}


   Skills:
 - Level 2.1 Fighting
 - Level 5.7 Polearms
 - Level 1.7 Dodging
 + Level 0.2 Unarmed Combat
 + Level 2.3 Spellcasting
 - Level 3.0 Conjurations
 + Level 1.0 Summonings


You had 4 spell levels left.
You knew the following spells:

 Your Spells              Type           Power      Damage    Failure   Level
a - Kiss of Death         Conj/Necr      52%        2d9       8%          1
b - Call Canine Familiar  Summ           10%        N/A       26%         3

Your spell library contained the following spells:

 Spells                   Type           Power      Damage    Failure   Level
 Summon Small Mammal      Summ           40%        N/A       9%          1
 Momentum Strike          Conj/Tloc      26%        3d8       12%         2
 Blink                    Tloc           6%         N/A       22%         2
 Hailstorm                Conj/Ice       13%        3d5       24%         3
 Summon Guardian Golem    Hex/Summ       7%         N/A       34%         3
 Manifold Assault         Tloc           3%         N/A       82%         4
 Storm Form               Tmut/Air       1%         N/A       100%        7


Dungeon Overview and Level Annotations

Branches:
Dungeon (4/15)
 Temple: D:4-7

Altars:
Elyvilon
Fedhas
Okawaru
Qazlal
Ru
Vehumet
Zin

Shops:
D:2 !

Annotations:
D:4 Edmund, Eustachio


Innate Abilities, Weirdness & Mutations

Your plain brown scales are hard. (AC +5)
You cannot fit into any form of body armour.
You are cold-blooded and may be slowed by cold attacks.


Message History

Edmund is moderately wounded.
Edmund misses you.
You punch Edmund!
Edmund is heavily wounded.
Edmund hits you with a +4 flail of protection!
You barely miss Edmund.
Edmund is heavily wounded.
You hit Edmund but do no damage.
Edmund is heavily wounded.
Edmund hits you with a +4 flail of protection.
You barely miss Edmund.
Edmund is heavily wounded.
Edmund barely misses you.
You closely miss Edmund.
Edmund is heavily wounded.
You hit Edmund.
Edmund is heavily wounded.
Edmund hits you with a +4 flail of protection!
You hit Edmund but do no damage. You tail-slap Edmund, but do no damage.
Edmund is heavily wounded.
Edmund barely misses you.
You hit Edmund but do no damage. You tail-slap Edmund, but do no damage.
Edmund is heavily wounded.
You hit Edmund but do no damage.
Your tail-slap misses Edmund.
Edmund is heavily wounded.
Edmund hits you with a +4 flail of protection!
You punch Edmund!
Edmund is severely wounded.
Edmund hits you with a +4 flail of protection!
* * * LOW HITPOINT WARNING * * *
You hit Edmund.
Edmund is almost dead.
You hit Edmund.
Edmund is almost dead.
Edmund hits you with a +4 flail of protection!
* * * LOW HITPOINT WARNING * * *
You hit Edmund but do no damage.
Edmund is almost dead.
Edmund hits you with a +4 flail of protection!
You die...

,,,,,,,,,+,,,,,,,*,*
,,,,,,,,,****,,,**,*
*,,,,,,,**,,,,,,,..#
**,,,,,***,******.:#
**,,,** *,*
****..###* **+**
*,*#*,,,....,*
****,*
*,*#.,,,..#*,*
,,**,*
*.##..##@#**,*
,,,,,**
*......@.#**,*
*,*,,,**
*###...).....#
*,,,,,,* #.#########
,,,,,,** #,*
*,,,,********,*
,,,,,,,,,,,,,,*
,,************* ***


You could see Edmund.

Vanquished Creatures
  An orc priest (D:4)
  An orc wizard (D:3)
  3 adders
  2 worms
  2 dart slugs
  8 orcs
  8 ball pythons
  5 endoplasms
  3 giant cockroaches
  8 goblins
  6 hobgoblins
  6 jackals
  8 kobolds
  4 quokkas
  8 bats
  4 frilled lizards
  3 rats
80 creatures vanquished.

Notes
Turn   | Place    | Note
-------+----------+-------------------------------------------
     0 | D:1      | Angani the Draconian Reaver began the quest for the Orb.
     0 | D:1      | Reached XP level 1. HP: 17/17 MP: 3/3
   122 | D:1      | Reached XP level 2. HP: 24/24 MP: 5/5
   386 | D:1      | Reached skill level 4 in Polearms
   700 | D:1      | Found Fibaovaz's Weapon Shoppe.
  1039 | D:2      | Reached XP level 3. HP: 29/29 MP: 6/6
  1050 | D:2      | You fall into a shaft and drop 1 floor!
  1359 | D:2      | Found Piorad's Distillery.
  1792 | D:2      | Reached XP level 4. HP: 36/36 MP: 7/7
  1833 | D:3      | Reached skill level 5 in Polearms
  2041 | D:3      | Found a stormy altar of Qazlal.
  2066 | D:3      | Found a radiant altar of Vehumet.
  2426 | D:3      | Learned a level 3 spell: Call Canine Familiar
  2692 | D:3      | Found a white marble altar of Elyvilon.
  2752 | D:3      | Found a sacrificial altar of Ru.
  2948 | D:3      | Became a worshipper of Elyvilon the Healer
  2987 | D:4      | Found a blossoming altar of Fedhas.
  3042 | D:4      | Reached XP level 5. HP: 41/41 MP: 8/8
  3122 | D:4      | Noticed Eustachio
  3137 | D:4      | Noticed a nameless horror
  3209 | D:4      | Reached skill level 1 in Summonings
  3449 | D:4      | Found a glowing silver altar of Zin.
  3449 | D:4      | Noticed an angel
  3462 | D:4      | Found an iron altar of Okawaru.
  3467 | D:4      | Reached * piety under Elyvilon
  3548 | D:4      | Noticed Edmund
  3573 | D:4      | HP: 1/61 [Edmund/+4 flail of protection (8)]
  3574 | D:4      | Mangled by Edmund

Illustrated notes

Levels and vault maps discovered:
D:1:      scummos_arrival_star, layout_loops_corners, serial_shops,
          nicolae_shop_bloodbath_and_beyond
D:2:      layout_basic, serial_shops, nicolae_shop_advertising_works
          [nicolae_subvault_shop_adworks]
D:3:      layout_basic, vehumet_altar_wand_db, marbit_many_paths,
          nicolae_qazlal_scattered_showers, mainiacjoe_overflow_alcove_1
D:4:      layout_loops_corners, zin_angel, mainiacjoe_overflow_catwalk,
          okawaru_trees_2, minmay_statues_item,
          minmay_fractal_squares_gapless_5, uniq_eustachio, uniq_edmund

Skill      XL: |  1  2  3  4  5 |
---------------+----------------+-----
Polearms       | 4 5 |  5.7
Summonings     | 1 |  1.0
Fighting       | |  2.1
Dodging        | |  1.7
Unarmed Combat | |  0.2
Spellcasting   | |  2.3
Conjurations   | |  3.0

Action                   |  1- 3 |  4- 6 || total
-------------------------+-------+-------++-------
Melee: Spear             |   195 |   117 ||   312
       Tailslap          |    14 |    13 ||    27
       Punch             |     1 |     1 ||     2
       Unarmed           |       |    15 ||    15
 Fire: Hand crossbow     |       |    35 ||    35
Evoke: Wand              |       |    10 ||    10
  Use: Scroll            |       |     8 ||     8
       Potion            |       |     2 ||     2
 Stab: Sleeping          |     3 |     1 ||     4
Armor: Skin              |    55 |    52 ||   107
Dodge: Dodged            |    91 |   119 ||   210

Table legend: (Time is in decaauts)
 A = Elapsed time spent in this place.
 B = Non-inter-level travel time spent in this place.
 C = Inter-level travel time spent in this place.
 D = Time resting spent in this place.
 E = Time spent auto-exploring this place.
 F = Levels seen in this place.
 G = Mean time per level.
                   A        B        C        D        E       F      G
               +--------+--------+--------+--------+--------+-----+--------+
         Total |   3559 |   3387 |    172 |    230 |   2428 |   4 |  889.8 |
       Dungeon |   3559 |   3387 |    172 |    230 |   2428 |   4 |  889.8 |
               +--------+--------+--------+--------+--------+-----+--------+

Top non-repeatable levels by time:
     D:3: 1229 daAuts
     D:1: 996 daAuts
     D:2: 760 daAuts
     D:4: 573 daAuts
